Map: Lightshade LE

Players

PattyMac - Winner!

  • Race: Protoss Protoss
  • League: Grandmaster
  • Spawn Location: 5:00

TLO

  • Race: Zerg Zerg
  • League: Master
  • Spawn Location: 11:00

Event: DreamHack SC2 Masters 2020 Winter

VOD

Have the link to the VOD?

Description

Time

  • Played on: Oct. 27, 2020, 5:58 p.m.
  • Length: 12:27

All games in this series

Show
View Real Time Build Order
Export as new Build Order

PattyMac Protoss - Winner!

Build Orders: 1 Gate Expand, Oracle Opening, Chargelot Immortal 

Get SALT Encoding   

  12  0:00  Probe  
  13  0:14  Pylon  
  13  0:17  Probe (Chrono Boost)  
  14  0:26  Probe (Chrono Boost)  
  15  0:31  Probe (Chrono Boost)  
  16  0:41  Gateway  
  16  0:43  Probe  
  16  0:48  Assimilator  
  17  0:55  Probe  
  18  1:07  Probe  
  19  1:20  Probe  
  20  1:26  Nexus  
  20  1:35  Cybernetics Core  
  20  1:37  Probe  
  21  1:43  Assimilator  
  21  1:49  Probe  
  21  1:53  Pylon  
  22  2:01  Probe (Chrono Boost)  
  23  2:09  Adept (Chrono Boost)  
  23  2:13  Probe (Chrono Boost)  
  26  2:18  Stargate  
  26  2:21  Probe (Chrono Boost)  
  27  2:28  Warp Gate, Probe  
  28  2:33  Adept  
  30  2:40  Probe (Chrono Boost)  
  32  2:45  Probe (Chrono Boost)  
  32  2:50  Probe (Chrono Boost)  
  33  2:54  Probe (Chrono Boost)  
  33  2:55  Probe (Chrono Boost)  
  35  3:04  Probe, Oracle (Chrono Boost)  
  39  3:06  Probe  
  39  3:12  Gateway, Adept  
  42  3:16  Pylon  
  42  3:19  Probe  
  43  3:22  Probe  
  44  3:30  Pylon  
  44  3:31  Probe  
  45  3:34  Probe  
  45  3:36  Oracle (Chrono Boost)  
  49  3:43  Probe  
  49  3:46  Probe  
  51  3:56  Probe  
  51  3:58  Nexus, Probe  
  53  4:05  Pylon  
  53  4:06  Pylon  
  53  4:08  Probe  
  54  4:10  Probe  
  54  4:12  Assimilator  
  55  4:20  Zealot x2, Probe  
  55  4:22  Probe  
  61  4:26  Assimilator  
  61  4:32  Probe  
  61  4:34  Probe  
  63  4:39  Twilight Council  
  63  4:43  Shield Battery  
  63  4:44  Probe  
  63  4:45  Forge  
  62  4:46  Pylon  
  62  4:47  Probe  
  62  4:52  Adept  
  65  4:53  Sentry  
  65  4:56  Probe (Chrono Boost)  
  65  4:59  Probe (Chrono Boost)  
  69  5:04  Robotics Facility  
  69  5:08  Probe (Chrono Boost)  
  69  5:11  Probe (Chrono Boost)  
  71  5:15  Charge, Phoenix  
  71  5:18  Probe (Chrono Boost)  
  71  5:19  Protoss Ground Weapons Level 1, Probe (Chrono Boost)  
  71  5:20  Probe (Chrono Boost)  
  74  5:27  Gateway, Probe x2 (Chrono Boost)  
  77  5:28  Probe (Chrono Boost)  
  77  5:33  Probe  
  77  5:35  Probe  
  77  5:36  Gateway  
  77  5:37  Gateway, Probe  
  77  5:39  Gateway  
  76  5:45  Assimilator, Probe  
  76  5:47  Pylon, Probe  
  76  5:48  Sentry  
  76  5:49  Assimilator, Probe  
  81  5:53  Templar Archives  
  82  5:58  Probe  
  82  5:59  Probe, Immortal (Chrono Boost)  
  87  6:05  Stalker  
  87  6:07  Photon Cannon  
  89  6:12  Gateway  
  89  6:15  Gateway  
  89  6:17  Stalker  
  91  6:24  Shield Battery x2  
  91  6:26  Pylon  
  91  6:28  Pylon  
  91  6:30  High Templar x2  
  91  6:31  Immortal (Chrono Boost)  
  95  6:37  Pylon  
  95  6:38  Archon  
  99  6:42  Probe  
  99  6:43  Probe  
  99  6:46  Probe  
  102  6:53  Pylon  
  102  6:54  Zealot x3  
  102  6:57  Pylon  
  108  7:04  Immortal (Chrono Boost)  
  108  7:06  Stalker x2  
  116  7:17  Stalker x3  
  116  7:18  Stalker  
  116  7:37  Stalker x3  
  114  7:39  Immortal  
  118  7:44  Stalker  
  118  7:45  Stalker x2, Zealot  
  122  7:58  Protoss Ground Weapons Level 2 (Chrono Boost)  
  116  8:01  Psionic Storm, Gateway  
  116  8:03  Gateway  
  112  8:06  Gateway  
  112  8:10  Zealot x3  
  118  8:13  Probe x2  
  118  8:16  High Templar x4  
  118  8:18  Probe  
  118  8:19  Immortal (Chrono Boost)  
  129  8:20  Pylon  
  133  8:31  Pylon  
  133  8:32  Pylon  
  133  8:33  Pylon  
  133  8:45  Zealot x3  
  139  8:56  Immortal  
  141  9:04  Zealot x4  
  141  9:05  Zealot  
  149  9:10  Probe x2  
  149  9:20  Zealot x3  
  149  9:24  Nexus  
  149  9:26  Pylon  
  139  9:33  High Templar x2, Zealot x2  
  139  9:34  High Templar  
  139  9:36  Immortal  
  149  9:44  High Templar  
  149  9:45  High Templar x2  
  149  9:54  High Templar  
  141  10:00  Gateway  
  141  10:02  Gateway  
  141  10:04  Gateway  
  141  10:08  Gateway, Zealot x3  
  145  10:17  Immortal (Chrono Boost)  
  147  10:23  Stalker x3  
  147  10:24  Pylon, Probe  
  154  10:33  Probe  
  154  10:34  Assimilator  
  155  10:39  Pylon  
  155  10:40  Assimilator, High Templar  
  155  10:41  High Templar x3  
  155  10:42  Pylon  
  163  10:46  Archon  
  163  10:48  Warp Prism (Chrono Boost)  
  163  10:50  Archon  
  163  10:51  Zealot x3  
  160  11:06  Zealot x3  
  160  11:07  Zealot  
  142  11:18  Zealot x5  
  142  11:19  Zealot x2  
  152  11:30  Probe x2  
  150  11:40  High Templar x5  
  150  11:41  High Templar, Zealot x5  
  150  11:46  Archon x3  
  145  12:04  Zealot  
  145  12:05  Zealot x4  
  136  12:13  Archon  
  126  12:20  Zealot x6  
Show
View Real Time Build Order
Export as new Build Order

TLO Zerg 

Build Orders: Hatch First 

Get SALT Encoding   

  12  0:00  Drone  
  13  0:13  Overlord  
  13  0:17  Drone  
  14  0:32  Drone x2  
  16  0:43  Drone  
  17  0:53  Hatchery  
  17  0:56  Drone  
  17  0:59  Drone  
  18  1:05  Extractor  
  17  1:15  Spawning Pool  
  17  1:17  Drone  
  17  1:21  Drone  
  18  1:29  Drone  
  19  1:40  Drone  
  20  1:51  Overlord  
  20  2:01  Queen  
  20  2:04  Zergling x2  
  20  2:05  Queen  
  20  2:07  Metabolic Boost  
  25  2:09  Drone  
  25  2:13  Drone  
  27  2:17  Drone  
  28  2:34  Hatchery  
  28  2:35  Drone  
  28  2:39  Drone  
  28  2:41  Drone  
  30  2:45  Zergling x2  
  30  2:47  Drone  
  32  2:51  Overlord  
  32  2:55  Drone  
  32  3:03  Queen  
  32  3:04  Drone  
  35  3:08  Overlord  
  35  3:10  Drone  
  36  3:15  Drone  
  36  3:16  Drone  
  36  3:17  Zergling x2  
  36  3:19  Drone  
  40  3:21  Drone  
  41  3:30  Drone  
  41  3:33  Queen  
  41  3:34  Drone  
  45  3:40  Zergling x2  
  46  3:41  Zergling x2  
  46  3:42  Zergling x4  
  46  3:45  Spore Crawler  
  46  3:46  Drone  
  49  3:51  Drone, Spore Crawler  
  49  3:52  Zergling x2  
  50  3:56  Drone  
  51  4:03  Spore Crawler  
  51  4:04  Drone  
  51  4:05  Drone  
  51  4:08  Drone  
  53  4:12  Spore Crawler  
  51  4:17  Drone x7  
  51  4:20  Extractor  
  51  4:22  Lair  
  56  4:25  Drone  
  56  4:27  Overlord  
  56  4:29  Extractor  
  57  4:32  Overlord  
  57  4:35  Overlord  
  57  4:37  Drone  
  57  4:38  Drone  
  57  4:39  Drone  
  57  4:41  Drone  
  57  4:46  Drone x2  
  57  4:47  Roach Warren  
  57  4:49  Drone  
  57  4:50  Drone  
  57  4:51  Drone  
  62  4:52  Drone  
  62  4:55  Drone  
  62  4:56  Drone  
  62  4:57  Drone  
  62  4:59  Drone  
  66  5:00  Extractor  
  66  5:01  Drone  
  66  5:04  Drone, Extractor  
  66  5:05  Drone  
  67  5:08  Drone x2  
  69  5:14  Drone  
  69  5:17  Overlord  
  69  5:18  Pneumatized Carapace  
  69  5:19  Drone x2  
  69  5:20  Drone  
  73  5:24  Overlord  
  73  5:29  Glial Reconstitution  
  73  5:30  Overlord  
  73  5:31  Roach x2  
  73  5:33  Overlord  
  74  5:36  Roach  
  74  5:38  Roach  
  74  5:40  Roach  
  74  5:42  Overlord  
  80  5:47  Roach x3  
  80  5:48  Overseer  
  86  5:52  Roach x2  
  86  5:57  Roach x3  
  92  6:00  Roach  
  92  6:02  Extractor  
  101  6:04  Roach x2  
  101  6:05  Drone  
  101  6:06  Roach  
  101  6:08  Roach  
  106  6:11  Roach  
  106  6:13  Roach  
  106  6:14  Roach  
  106  6:16  Roach  
  114  6:18  Roach  
  114  6:20  Overlord  
  114  6:23  Roach  
  114  6:24  Roach  
  120  6:30  Overlord x2  
  120  6:32  Overlord  
  120  6:39  Roach  
  122  6:44  Hatchery, Overlord  
  122  6:46  Ravager x3  
  124  6:48  Roach  
  124  6:49  Roach  
  124  6:51  Roach  
  124  6:54  Roach  
  132  6:55  Roach  
  132  6:56  Roach  
  132  6:59  Roach  
  132  7:00  Roach  
  138  7:05  Roach  
  138  7:06  Roach x2  
  138  7:07  Roach  
  146  7:08  Roach  
  146  7:10  Roach  
  146  7:13  Roach  
  146  7:14  Roach  
  146  7:15  Roach  
  154  7:18  Roach  
  154  7:22  Roach  
  158  7:26  Roach  
  158  7:27  Roach x2  
  162  7:30  Roach x2  
  162  7:32  Roach  
  162  7:33  Roach  
  162  7:34  Roach  
  158  7:39  Overseer  
  154  7:48  Overlord  
  154  7:51  Overlord  
  146  7:58  Overlord x2  
  146  8:00  Overlord  
  146  8:03  Roach  
  138  8:06  Overlord  
  138  8:08  Ravager x6  
  138  8:09  Ravager x3  
  138  8:10  Roach  
  138  8:12  Roach  
  145  8:14  Roach  
  145  8:15  Roach  
  145  8:20  Zergling x18  
  145  8:24  Roach  
  145  8:25  Ravager  
  145  8:26  Roach  
  159  8:27  Roach  
  159  8:29  Queen  
  159  8:31  Roach  
  159  8:33  Roach  
  167  8:37  Ravager  
  167  8:38  Roach  
  168  8:42  Extractor  
  168  8:43  Roach  
  168  8:45  Extractor, Roach  
  168  8:46  Roach  
  168  8:47  Roach  
  172  8:49  Roach  
  172  8:51  Zergling x2  
  176  8:55  Roach  
  176  8:56  Ravager  
  176  8:59  Roach  
  176  9:01  Roach  
  176  9:02  Roach  
  174  9:11  Roach  
  174  9:15  Roach  
  174  9:16  Roach, Ravager  
  181  9:17  Queen x2  
  181  9:20  Roach  
  181  9:23  Roach  
  182  9:25  Zergling x2  
  182  9:26  Zergling x2  
  182  9:28  Zergling x2  
  182  9:29  Ravager x2  
  182  9:31  Roach  
  179  9:32  Roach  
  179  9:33  Roach  
  179  9:36  Roach  
  179  9:38  Queen, Ravager  
  185  9:41  Roach  
  185  9:42  Roach  
  190  9:45  Roach  
  190  9:48  Roach  
  190  9:50  Roach  
  190  9:51  Roach  
  188  9:54  Roach  
  188  9:56  Roach  
  188  9:58  Roach  
  177  10:00  Zergling x14  
  177  10:03  Roach  
  177  10:04  Ravager  
  177  10:05  Roach  
  175  10:09  Roach  
  175  10:13  Roach  
  161  10:14  Roach  
  161  10:16  Roach  
  161  10:17  Ravager  
  161  10:21  Roach  
  168  10:23  Roach  
  168  10:24  Roach  
  168  10:26  Roach  
  174  10:31  Roach  
  174  10:33  Ravager  
  174  10:34  Roach, Zergling x2  
  174  10:35  Overlord  
  180  10:37  Overlord  
  180  10:38  Roach  
  180  10:40  Overlord  
  180  10:41  Overlord  
  182  10:47  Overlord  
  182  10:48  Overlord  
  182  10:54  Roach  
  184  11:02  Roach  
  168  11:05  Roach x2  
  168  11:06  Roach  
  168  11:07  Roach x2  
  168  11:09  Roach  
  161  11:12  Roach x2  
  161  11:16  Roach x2  
  148  11:19  Zergling x4  
  148  11:25  Roach  
  146  11:27  Roach  
  146  11:29  Ravager x3  
  146  11:31  Ravager x4  
  146  11:32  Ravager  
  156  11:37  Roach  
  156  11:39  Roach  
  158  11:46  Roach  
  156  11:47  Roach  
  156  11:48  Roach, Ravager  
  156  11:49  Ravager x4  
  156  11:54  Roach x2  
  134  12:02  Roach  
  134  12:03  Roach  
  134  12:05  Roach  
Tags
 
Add a new tag
Caveats
  • Supply blocks, unpowered buildings, or Contaminate may cause inaccurate times.
  • Supply counts are checked every 10 seconds.